 Dungeon Crawl Stone Soup version 0.17-a0-2171-ga91b4ec (webtiles) character file.

3735 st0uf the Skirmisher (level 9, 0/81 HPs)
             Began as a Centaur Fighter on Oct 25, 2015.
             Was a Priest of Makhleb.
             Slain by an unseen horror (4 damage)
             ... on level 8 of the Dungeon.
             The game lasted 01:06:41 (10399 turns).

st0uf the Skirmisher (Centaur Fighter)             Turns: 10399, Time: 01:06:42

Health: 0/81       AC: 10    Str: 21    XL:     9   Next: 93%
Magic:  3/3        EV:  6    Int:  7    God:    Makhleb [***...]
Gold:   265        SH: 10    Dex: 14    Spells: 0 memorised, 8 levels left

rFire  . . .     SeeInvis .     f - +3 spear (antimagic)
rCold  . . .     Clarity  .     b - +0 scale mail
rNeg   . . .     SustAt   +     c - +0 shield
rPois  .         Gourm    .     (no helmet)
rElec  .         Spirit   .     D - +2 cloak
rCorr  .         Warding  .     (no gloves)
rMut   .         Stasis   .     (no barding)
MR     .....                    (no amulet)
Stlth  ..........               N - +4 ring of dexterity
                                j - ring of sustain attributes

@: very quick, not resistant to hostile enchantments, extremely unstealthy
A: hooves 3, deformed body, speed 2, tough skin 3
a: Minor Destruction, Lesser Servant of Makhleb, Renounce Religion


You were on level 8 of the Dungeon.
You worshipped Makhleb.
Makhleb was most pleased with you.
You were hungry.

You visited 1 branch of the dungeon, and saw 9 of its levels.

You collected 446 gold pieces.
You spent 181 gold pieces at shops.

Inventory:

Hand Weapons
 a - a +0 trident
 f - a +3 antimagic spear (weapon)
Armour
 b - a +0 scale mail (worn)
 c - a +0 shield (worn)
 p - a +0 cloak
 D - a +2 cloak (worn)
Jewellery
 j - a ring of sustain attributes (left hand)
 n - an uncursed ring of magical power
 r - an uncursed ring of magical power
 z - an uncursed ring of wizardry
 N - a +4 ring of dexterity (right hand)
Wands
 y - a wand of flame (14)
 F - a wand of fire (12)
 H - a wand of draining (13)
Scrolls
 g - 7 scrolls of identify
 h - 8 scrolls of enchant armour {unknown}
 l - 2 scrolls of remove curse
 s - 3 scrolls of recharging {unknown}
 t - 2 scrolls of immolation {unknown}
 u - 2 scrolls of enchant weapon {unknown}
 v - 3 scrolls of amnesia {unknown}
 w - 3 scrolls of magic mapping
 A - 4 scrolls of teleportation {unknown}
 C - 2 scrolls of fear
 I - a scroll of holy word {unknown}
 L - a scroll of acquirement {unknown}
Potions
 d - a potion of might
 k - 2 potions of curing
 m - a potion of agility {unknown}
 o - a potion of invisibility {unknown}
 E - a potion of haste {unknown}
 G - 2 potions of magic {unknown}
 K - a potion of brilliance {unknown}
 M - a potion of heal wounds
Books
 J - a book of Flames

   Spells                             Type                      Level
   a - Flame Tongue                   Conjuration/Fire             1
   b - Throw Flame                    Conjuration/Fire             2
   c - Conjure Flame                  Conjuration/Fire             3
   d - Inner Flame                    Hexes/Fire                   3
   e - Sticky Flame                   Conjuration/Fire             4
   f - Fireball                       Conjuration/Fire             5
Comestibles
 e - 8 bread rations
 i - 2 slices of pizza
 q - 8 fruits
 x - 6 chunks of flesh
 B - 2 meat rations
 O - 6 beef jerkies


   Skills:
 + Level 7.9 Fighting
 + Level 6.5 Polearms
 + Level 5.8 Armour
 + Level 6.0 Shields


You had 8 spell levels left.
You didn't know any spells.

Dungeon Overview and Level Annotations

Branches:
Dungeon (9/15)             Temple (0/1) D:4
   Lair: D:8-11         Orc: D:9-12

Altars:
Elyvilon
Makhleb
Ru
Sif Muna
Vehumet
Xom

Shops:
D:5 ?

Annotations:
D:3 1 runed door


Innate Abilities, Weirdness & Mutations

You have hooves in place of feet.
Armour fits poorly on your strangely shaped body.
You cover ground very quickly.
You have extremely tough skin (AC +3).


Message History

Something hits you. You block its attack. Something hits you.
Something hits you but does no damage. Something hits you but does no damage.
Something hits you but does no damage. Something hits you but does no damage.
You block its attack. You block its attack. Something hits you!
* * * LOW HITPOINT WARNING * * *
Something hits you but does no damage. Something hits you!
* * * LOW HITPOINT WARNING * * *
Something hits you.
* * * LOW HITPOINT WARNING * * *
Something hits you.
* * * LOW HITPOINT WARNING * * *
Something hits you.
You die...

.# #.#
#.##.##.###.###.##...#
.# #.#
#..............[##.###
.#####.#
####....##########.###
....##.# #........#
#...# .##.##.#
##...###.# ###.#
.##.##.# ##.## #.# #.#
.......# #.# #.# #.#
.##.############.# #.#
#.#
.##.##..........@####.#
######.#
....##.#########.##...#
#......# .#...#.#
#.##.### #.#######
.......#########.##.#
#..>.....
#.................#.##
#########
#..............(.....#
#
.........######...#..#
# ##..##.#.# ##.##..# #
#.>.##.#.# #.##..# #


There were no monsters in sight!

Vanquished Creatures
  Pikel (D:4)
  Eustachio (D:4)
  3 slaves (D:4)
  2 ice beasts
  3 sky beasts
  A black bear (D:6)
  An orc warrior (D:6)
  The ghost of st0uf the Changer, an amateur NaTm (D:3)
  2 phantoms
  3 ogres
  2 centaurs
  2 giant frogs
  A gnoll sergeant (D:7)
  Blork the orc (D:6)
  3 scorpions
  3 killer bees (D:8)
  3 wights (D:9)
  A giant frog zombie (D:4)
  2 crimson imps
  A jelly (D:9)
  2 centaur skeletons
  A quasit (D:8)
  Crazy Yiuf (D:3)
  3 orc priests
  Ijyb (D:2)
  3 hounds
  6 orc wizards
  2 giant frog skeletons
  An iguana (D:8)
  3 worker ants
  A hound zombie (D:3)
  A hound skeleton (D:4)
  A worker ant zombie (D:6)
  15 gnolls
  2 shadow imps
  8 adders
  An adder zombie (D:6)
  An adder skeleton (D:4)
  5 worms
  3 giant geckos
  22 orcs
  8 bats
  6 giant cockroaches
  9 hobgoblins
  4 jackals (D:2)
  12 kobolds
  5 quokkas
  2 ball pythons
  5 giant newts
  9 goblins
  6 rats
186 creatures vanquished.

Notes
Turn   | Place    | Note
--------------------------------------------------------------
     0 | D:1      | st0uf the Centaur Fighter began the quest for the Orb.
     0 | D:1      | Reached XP level 1. HP: 19/19 MP: 1/1
   167 | D:1      | Reached XP level 2. HP: 26/26 MP: 2/2
   788 | D:2      | Reached XP level 3. HP: 31/31 MP: 3/3
   874 | D:2      | Noticed Ijyb
   911 | D:2      | Killed Ijyb
   911 | D:2      | Reached XP level 4. HP: 27/39 MP: 4/4
  1108 | D:2      | Found a white marble altar of Elyvilon.
  1776 | D:2      | Reached XP level 5. HP: 34/46 MP: 5/5
  1939 | D:2      | Reached skill level 4 in Fighting
  2255 | D:3      | Noticed st0uf's ghost (amateur NaTm)
  2578 | D:3      | Killed st0uf's ghost
  2578 | D:3      | Reached XP level 6. HP: 51/53 MP: 6/6
  2625 | D:3      | Noticed Crazy Yiuf
  2631 | D:3      | Killed Crazy Yiuf
  2725 | D:3      | Found a burning altar of Makhleb.
  2749 | D:3      | Became a worshipper of Makhleb the Destroyer
  2878 | D:3      | Found a white marble altar of Elyvilon.
  2878 | D:3      | Found a runed door.
  2878 | D:3      | Noticed an angel
  3593 | D:4      | Noticed Eustachio
  3689 | D:4      | Reached skill level 5 in Fighting
  3689 | D:4      | Reached XP level 7. HP: 26/61 MP: 2/7
  3972 | D:4      | Found a staircase to the Ecumenical Temple.
  4010 | D:4      | Found a radiant altar of Vehumet.
  4130 | D:4      | Noticed Pikel
  4158 | D:4      | Found a deep blue altar of Sif Muna.
  5007 | D:4      | Killed Pikel
  5007 | D:4      | Reached skill level 6 in Fighting
  5007 | D:4      | Reached XP level 8. HP: 67/70 MP: 2/8
  5125 | D:4      | Reached * piety under Makhleb
  5234 | D:5      | Entered Level 5 of the Dungeon
  5582 | D:5      | Found Bacweyra's Magic Scroll Shoppe.
  5587 | D:5      | Bought a scroll of fear for 45 gold pieces
  5587 | D:5      | Bought a scroll of magic mapping for 45 gold pieces
  5587 | D:5      | Bought a scroll of identify for 26 gold pieces
  5587 | D:5      | Bought a scroll of identify for 26 gold pieces
  5587 | D:5      | Bought a scroll of remove curse for 39 gold pieces
  5921 | D:4      | Killed Eustachio
  5921 | D:4      | Reached skill level 5 in Polearms
  6654 | D:6      | Reached skill level 5 in Shields
  6681 | D:6      | Noticed Blork the orc
  6697 | D:6      | Killed Blork the orc
  6710 | D:6      | Reached XP level 9. HP: 24/78 MP: 3/9
  7045 | D:6      | Found a sacrificial altar of Ru.
  7251 | D:7      | Reached ** piety under Makhleb
  7375 | D:6      | Reached skill level 5 in Armour
  7477 | D:7      | Reached skill level 7 in Fighting
  8125 | D:7      | Found a shimmering altar of Xom.
  9400 | D:8      | Reached *** piety under Makhleb
 10398 | D:8      | HP: 4/81 [something (5)]
 10399 | D:8      | Slain by an unseen horror

Vault maps used:
D:1:      wheals_arrival_shading
D:2:      elyvilon_altar_4, uniq_iyjb
D:3:      nicolae_overflow_crystal_walls, nicolae_overflow_hidden_temple,
          lemuel_angel_altar, uniq_crazy_yiuf_cottage
D:4:      kennysheep_mini_moat, temple_pool_b, first_bread,
          vehumet_altar_wand_db, uniq_pikel, uniq_eustachio
D:5:      serial_shops, nicolae_shop_temple_entry_statues_fountains
D:6:      lemuel_round_altar, uniq_blork_the_orc
D:7:      lemuel_crystal_altar, minivault_26
D:9:      amethyst_overflow_temple_binary, grunt_ogre_cave,
          lightli_fourway_metalbox

Action                   |  1- 3 |  4- 6 |  7- 9 || total
-------------------------+-------+-------+-------++-------
Melee: Trident           |   118 |   356 |       ||   474
       Spear             |       |    51 |   772 ||   823
  Use: Potion            |       |       |     2 ||     2
  Eat: Chunk             |       |     8 |    15 ||    23
       Pizza             |       |       |     1 ||     1
       Beef jerky        |       |       |     1 ||     1
